 Dungeon Crawl Stone Soup version 0.17.0-7-gfadd4cc (webtiles) character file.

1611 tp1 the Thaumaturge (level 8, -5/41 HPs)
             Began as a Deep Elf Conjurer on Nov 8, 2015.
             Was a Believer of Sif Muna.
             Slain by Pikel
             ... wielding a +2 whip of flaming
              (7 damage)
             ... on level 7 of the Dungeon.
             The game lasted 00:26:05 (8937 turns).

tp1 the Thaumaturge (Deep Elf Conjurer)             Turns: 8937, Time: 00:26:05

Health: -5/41      AC:  3    Str:  5    XL:     8   Next: 63%
Magic:  24/24      EV: 13    Int: 23    God:    Sif Muna [**....]
Gold:   253        SH:  0    Dex: 15    Spells: 3 memorised, 19 levels left

rFire  . . .     SeeInvis .     E - +0 short sword (speed)
rCold  . . .     Clarity  .     o - +0 robe (curse)
rNeg   . . .     SustAt   .     (no shield)
rPois  .         Gourm    .     (no helmet)
rElec  .         Spirit   .     (no cloak)
rCorr  .         Warding  .     (no gloves)
rMut   .         Stasis   .     w - +0 pair of boots
MR     .....                    (no amulet)
Stlth  ++........               (no ring)
                                (no ring)

@: lethally poisoned (-5 -> -9), not resistant to hostile enchantments,
unstealthy
A: no striking features
a: Channel Energy, Forget Spell, Renounce Religion


You were on level 7 of the Dungeon.
You worshipped Sif Muna.
Sif Muna was pleased with you.
You were very hungry.

You visited 2 branches of the dungeon, and saw 8 of its levels.

You collected 253 gold pieces.

Inventory:

Hand Weapons
 e - a +0 short sword
 E - a +0 short sword of speed (weapon)
 G - a +0 shortbow
Armour
 a - a +0 robe
 o - a cursed +0 robe (worn)
 q - a +0 pair of boots
 w - a +0 pair of boots (worn)
 x - a +0 shield
Jewellery
 d - the ring of Vahud {Int+4 Dex+2, unknown}
   (You found it on level 6 of the Dungeon)

   [ring of intelligence]

   It affects your intelligence (+4).
   It affects your dexterity (+2).
 B - a cursed -3 ring of protection {unknown}
Wands
 D - a wand of fire (5)
Scrolls
 g - 2 scrolls of amnesia {unknown}
 j - 4 scrolls of identify {unknown}
 n - 2 scrolls of teleportation {unknown}
 p - a scroll of fear {unknown}
 s - 2 scrolls of magic mapping {unknown}
 v - a scroll of immolation {unknown}
 y - 3 scrolls of remove curse {unknown}
 A - a scroll of recharging {unknown}
 C - a scroll of enchant armour {unknown}
 F - a scroll of torment {unknown}
 H - a scroll of enchant weapon {unknown}
Potions
 h - a potion of flight {unknown}
 i - a potion of ambrosia {unknown}
 k - a potion of magic
 l - 3 potions of curing {unknown}
 m - 2 potions of might {unknown}
 r - a potion of agility {unknown}
 t - a potion of brilliance {unknown}
 z - a potion of invisibility {unknown}
Books
 b - a book of Conjurations

   Spells                             Type                      Level
   a - Magic Dart                     Conjuration                  1
   b - Searing Ray                    Conjuration                  2
   c - Dazzling Spray                 Conjuration/Hexes            3
   d - Fulminant Prism                Conjuration/Hexes            4
   e - Iskenderun's Mystic Blast      Conjuration                  4
   f - Iskenderun's Battlesphere      Conjuration/Charms           5
 u - a book of Burglary

   Spells                             Type                      Level
   a - Swiftness                      Charms/Air                   2
   b - Passwall                       Transmutation/Earth          3
   c - Passage of Golubria            Translocation                4
   d - Lee's Rapid Deconstruction     Earth                        5
   e - Darkness                       Hexes                        6
   f - Invisibility                   Hexes                        6
Comestibles
 c - 4 bread rations
 f - a royal jelly


   Skills:
 - Level 2.4 Dodging
 - Level 2.4 Stealth
 - Level 10.1 Spellcasting
 + Level 6.8 Conjurations
 - Level 9.2 Charms


You had 19 spell levels left.
You knew the following spells:

 Your Spells              Type           Power        Failure   Level  Hunger
a - Magic Dart            Conj           ####         1%          1    None
b - Searing Ray           Conj           #####.       1%          2    None
d - Iskenderun's Battles  Conj/Chrm      #####...     8%          5    ####...


Dungeon Overview and Level Annotations

Branches:
Dungeon (7/15)             Temple (1/1) D:5

Altars:
Ashenzari
Cheibriados
Dithmenos
Elyvilon
Fedhas
Gozag
Kikubaaqudgha
Makhleb
Nemelex Xobeh
Okawaru
Qazlal
Ru
Sif Muna
Trog
Xom
Yredelemnul
Zin

Shops:
D:5 }

Annotations:
D:3 MDvedh's ghost, amateur HOIE
D:7 Pikel


Message History

Press: ? - help, Shift-Dir - straight line, f - adder
Aim: an adder The magic dart hits the adder.
The adder is moderately wounded.
Your battlesphere fires!
The barrage of energy hits the adder.
The adder is heavily wounded.
The adder bites you.
* * * LOW HITPOINT WARNING * * *
Pikel hits you with a whip of flaming.
* * * LOW HITPOINT WARNING * * *
Pikel burns you.
* * * LOW HITPOINT WARNING * * *
Drink which item? (? for menu, Esc to quit)
It was a potion of magic.
Magic courses through your body.
You feel sick. The adder bites you.
* * * LOW HITPOINT WARNING * * *
You are more poisoned.
The adder poisons you! Pikel hits you with a whip of flaming!
You die...

.....#.########
#..#.#....#..# ##...#.#
...#..#.#(......#
........
###.#..#((.......#.
.......
..................
>......
................#
##.####......#..# #
#.#.*.##.......#
##..#.###S...(......##.#
.......ppK@............#
.#.#..#####...##.#..#..#
#. #...##.#..# #
#...##.##.# #...##.# ..
#...##.. ... ######..
... #.. ....


You could see Pikel, 2 slaves and an adder.

Vanquished Creatures
  2 slaves (D:7)
  4 ice beasts
  2 centaurs
  A big kobold (D:6)
  4 giant frogs
  A giant frog zombie (D:7)
  A jelly (D:7)
  3 worker ants
  3 orc priests
  A hound (D:6)
  6 orc wizards
  A centaur skeleton (D:6)
  3 iguanas
  7 gnolls
  8 adders
  A shadow imp (D:6)
  3 oozes
  4 worms
  2 giant geckos
  16 orcs
  9 bats
  A giant cockroach (D:3)
  2 hobgoblins
  2 ball pythons
  2 giant gecko skeletons
  3 giant newts (D:6)
  5 goblins
  3 jackals (D:2)
  13 kobolds
  3 quokkas
  4 rats
120 creatures vanquished.

Notes
Turn   | Place    | Note
--------------------------------------------------------------
     0 | D:1      | tp1 the Deep Elf Conjurer began the quest for the Orb.
     0 | D:1      | Reached XP level 1. HP: 10/10 MP: 6/6
   119 | D:1      | Reached skill level 5 in Conjurations
   119 | D:1      | Reached XP level 2. HP: 9/15 MP: 0/8
   309 | D:1      | Learned a level 2 spell: Searing Ray
   838 | D:2      | Reached XP level 3. HP: 13/19 MP: 4/9
  1200 | D:2      | Reached skill level 6 in Conjurations
  1637 | D:2      | Reached XP level 4. HP: 24/24 MP: 7/11
  2297 | D:3      | Noticed MDvedh's ghost (amateur HOIE)
  3006 | D:4      | Reached skill level 5 in Spellcasting
  3006 | D:4      | Reached XP level 5. HP: 28/28 MP: 8/14
  3034 | D:4      | Learned a level 5 spell: Iskenderun's Battlesphere
  3366 | D:4      | Reached XP level 6. HP: 32/32 MP: 13/17
  3372 | D:4      | Reached skill level 7 in Spellcasting
  3473 | D:4      | Found a snail-covered altar of Cheibriados.
  3519 | D:4      | Reached skill level 1 in Charms
  3531 | D:4      | Found a sparkling altar of Nemelex Xobeh.
  3671 | D:4      | Found a sacrificial altar of Ru.
  3745 | D:4      | Found a shimmering altar of Xom.
  3772 | D:4      | Found a deep blue altar of Sif Muna.
  3849 | D:4      | Became a worshipper of Sif Muna the Loreminder
  4084 | D:4      | Found a shimmering altar of Xom.
  4111 | D:4      | Found a deep blue altar of Sif Muna.
  4252 | D:4      | Found a sacrificial altar of Ru.
  4428 | D:4      | Found a sparkling altar of Nemelex Xobeh.
  4474 | D:4      | Found a snail-covered altar of Cheibriados.
  5024 | D:5      | Entered Level 5 of the Dungeon
  5229 | D:5      | Found a staircase to the Ecumenical Temple.
  5239 | Temple   | Entered the Ecumenical Temple
  5652 | D:5      | Reached skill level 5 in Charms
  5652 | D:5      | Reached XP level 7. HP: 23/36 MP: 11/19
  5749 | D:5      | Found Quza's Gadget Emporium.
  6003 | D:5      | Found a staircase to the Ecumenical Temple.
  6077 | D:5      | Found Quza's Gadget Emporium.
  6537 | D:6      | Reached * piety under Sif Muna
  6564 | D:6      | Reached skill level 8 in Charms
  6750 | D:6      | Reached skill level 9 in Charms
  7003 | D:6      | Reached XP level 8. HP: 41/41 MP: 12/21
  7178 | D:6      | Reached ** piety under Sif Muna
  7686 | D:6      | Got a steaming bronze ring
  8690 | D:7      | Reached skill level 10 in Spellcasting
  8923 | D:7      | Noticed Pikel
  8937 | D:7      | HP: 2/41 [adder (2)]
  8937 | D:7      | Slain by Pikel

Action                   |  1- 3 |  4- 6 |  7- 9 || total
-------------------------+-------+-------+-------++-------
Melee: Unarmed           |     6 |       |       ||     6
       Short sword       |     1 |     1 |       ||     2
 Cast: Magic Dart        |    55 |    78 |    72 ||   205
       Searing Ray       |     3 |    15 |     2 ||    20
       Iskenderun's Batt |       |     2 |    20 ||    22
  Use: Potion            |       |       |     1 ||     1
  Eat: Chunk             |     2 |    10 |     4 ||    16
       Pizza             |       |     2 |       ||     2
       Meat ration       |       |       |     1 ||     1
       Bread ration      |       |       |     1 ||     1
